 Dungeon Crawl Stone Soup version 0.28-a0-1159-g27aa881441 (webtiles) character file.

Game seed: 18043045131038722100

20362 spaghetti the Slayer (level 12, 0/166 HPs)
             Began as an Ogre Delver on Dec 15, 2021.
             Was a High Priest of Jiyva.
             Slain by a cane toad (17 damage)
             ... on level 6 of the Lair of Beasts on Dec 16, 2021.
             The game lasted 00:34:15 (15522 turns).

spaghetti the Slayer (Ogre Delver)                 Turns: 15522, Time: 00:34:15

Health: 0/166      AC:  6    Str: 21    XL:     12   Next: 78%
Magic:  12/12      EV:  9    Int: 13    God:    Jiyva [*****.]
Gold:   405        SH:  0    Dex: 10    Spells: 11/11 levels left

rFire   + . .      SeeInvis .   w - +0 giant spiked club (spect) {mace}
rCold   + . .      Faith    .   (shield currently unavailable)
rNeg    . . .      Spirit   .   f - +1 robe of Slovenliness {rPois rF+}
rPois   +          Reflect  .   (helmet unavailable)
rElec   .          Harm     .   (no cloak)
rCorr   +          Rampage  .   (gloves unavailable)
Will    +....      Clarity  +   (boots unavailable)
Stlth   +++.......              (no amulet)
HPRegen 2.61/turn               (no ring)
MPRegen 0.58/turn               (no ring)

@: calling ooze
A: large, unfitting armour, tough skin 1, horns 3, iridescent scales 1, clarity,
cold resistance 1, regeneration 1, translucent skin 3, engulf
a: Renounce Religion, Oozemancy, Slimify


You were on level 6 of the Lair of Beasts.
You worshipped Jiyva.
Jiyva was extremely pleased with you.
You visited 2 branches of the dungeon, and saw 17 of its levels.

You collected 405 gold pieces.


Innate Abilities, Weirdness & Mutations

You are too large for most types of armour.
You have tough skin. (AC +1)
You have a pair of large horns on your head.
You are partially covered in iridescent scales. (AC +2)
You possess an exceptional clarity of mind.
Your flesh is cold resistant. (rC+)
Your natural rate of healing is unusually fast.
Your transparent skin significantly reduces your foes' accuracy. (Stealth+)
Your melee attacks may engulf your foes in ooze.


   Skills:
 - Level 23.0 Fighting
 + Level 9.3 Maces & Flails
 - Level 1.7 Dodging
 - Level 3.7 Stealth


You had 11 spell levels left.
You didn't know any spells.
Your spell library contained the following spells:

 Spells                   Type           Power      Damage    Failure   Level
 Apportation              Tloc           0%         N/A       30%         1
 Pain                     Necr           0%         1d4       30%         1
 Summon Small Mammal      Summ           0%         N/A       30%         1
 Corpse Rot               Necr/Air       0%         N/A       43%         2
 Poisonous Vapours        Pois/Air       0%         N/A       43%         2
 Sublimation of Blood     Necr           0%         N/A       43%         2
 Wereblood                Tmut           0%         N/A       43%         2
 Agony                    Necr           0%         N/A       100%        5
 Alistair's Intoxication  Tmut/Pois      0%         N/A       100%        5
 Excruciating Wounds      Necr           0%         N/A       100%        5
 Monstrous Menagerie      Summ           0%         N/A       100%        7
 Spellforged Servitor     Conj/Summ      0%         N/A       100%        7
 Summon Hydra             Summ           0%         N/A       100%        7

Inventory:

Hand Weapons
 a - a +0 mace {mace}
 p - a +0 whip of flaming {mace}
   (You took it off Pikel on level 8 of the Dungeon)
 s - a +3 quarterstaff {staff}
   (You found it on level 9 of the Dungeon)
 t - a +1 halberd of draining {polearm}
   (You took it off Maggie on level 8 of the Dungeon)
 v - a +0 short sword of flaming {short}
   (You found it on level 9 of the Dungeon)
 w - a +0 spectral giant spiked club (weapon) {mace}
   (You took it off a two-headed ogre on level 10 of the Dungeon)
Missiles
 e - 107 stones (quivered) {throwing}
 i - 3 poisoned darts {throwing}
 l - 105 arrows
 n - a boomerang {throwing}
 q - 44 bolts
Armour
 b - a +0 robe
 f - the +1 robe of Slovenliness (worn) {rPois rF+}
   (You found it on level 5 of the Dungeon)

   rF:        It protects you from fire.
   rPois:     It protects you from poison.
 u - +1 acid dragon scales
   (You took it off Maggie on level 8 of the Dungeon)
Magical Staves
 j - a staff of death {!astaff}
   (You found it on level 1 of the Dungeon)
Wands
 g - a wand of flame (2)
   (You found it on level 2 of the Lair of Beasts)
 m - a wand of polymorph (13)
   (You took it off Jessica on level 2 of the Dungeon)
 o - a wand of acid (4)
   (You found it on level 4 of the Lair of Beasts)
Scrolls
 c - a scroll of fog
 d - a scroll of magic mapping {!r}
Potions
 k - 2 potions of flight
 r - a potion of curing {@q1}
Miscellaneous
 h - a tin of tremorstones (1/2) {throwing}
   (You found it on level 6 of the Lair of Beasts)

Dungeon Overview and Level Annotations

Branches:
Dungeon (11/15)            Temple (0/1) D:6            Lair (5/6) D:9
 Spider (0/4) Lair:2          Orc (0/2) D:9
  Swamp: Lair:2-4    Shoals: Lair:2-4     Slime: Lair:5-6

Altars:
Ashenzari
Dithmenos
Elyvilon
Fedhas
Hepliaklqana
Makhleb
Okawaru
Qazlal
Ru
Trog
Wu Jian
Xom
Zin
Beogh
Jiyva

Shops:
D:2 :   D:6 ?

Annotations:
D:2 1 exclusion
D:3 1 runed translucent door, exclusion: jelly, bande's ghost, amateur GrFi
D:5 1 exclusion
D:6 exclusions: adder, hound and 1 more exclusion
D:9 exclusion: door
Lair:1 exclusion: door

. ... ####
...###..##
....P....#
(.......hY#
........YY@#
............YF##
.............Y.#
..............##
...............#
..............##
##............#
#.P...........#
P#.P..........##


You could see a polar bear, 5 yaks and a cane toad.


Message History

You regained 3 hp, and now have 164/166 hp.
You hit the yak.
You engulf the yak in ooze!
Your +0 spectral giant spiked club {mace} hits the yak!!
You kill the yak!
The cane toad closely misses you. x2 😎 HP[+2]
Your hp is fully restored (166).
You puncture the yak!
You engulf the yak in ooze!
Your +0 spectral giant spiked club {mace} completely misses the yak.
The yak is asphyxiated!
The yak gores you! The cane toad stings you!! The yak gores you! 😮 HP[-42]
You take 42 damage, and now have 124/166 hp.
MASSIVE DAMAGE!! (PAUSE) Unknown command.
You barely miss the yak.
Your +0 spectral giant spiked club {mace} hits the yak!
The yak is asphyxiated!
You kill the yak!
The cane toad stings you!! The yak gores you! The cane toad closely misses you.
The yak gores you! 😮 HP[-40]
You take 40 damage, and now have 84/166 hp.
MASSIVE DAMAGE!! (PAUSE)
You puncture the polar bear!
Your +0 spectral giant spiked club {mace} barely misses the polar bear.
The polar bear closely misses you. The polar bear claws you.
* * * LOW HITPOINT WARNING * * *
The polar bear closely misses you. The cane toad barely misses you.
The yak gores you!
* * * LOW HITPOINT WARNING * * *
😨 HP[-8]
You take 8 damage, and now have 76/166 hp.
Unknown command.
Activating: Oozemancy (1% risk of failure)
Press: ? - help, Dir - look around, f - activate Slime begins to ooze from the nearby walls!
The wall burns the cane toad!
The cane toad stings you!
* * * LOW HITPOINT WARNING * * *
The polar bear bites you.
* * * LOW HITPOINT WARNING * * *
The polar bear claws you but does no damage. x2
The wall burns the yak! x2; The wall burns the cane toad!
The cane toad stings you.
* * * LOW HITPOINT WARNING * * *
😨 HP[-15] MP[-3]
You take 15 damage, and now have 61/166 hp.
You lost 3 mp, and now have 9/12 mp.
Unknown command.
Okay, then.
Okay, then.
The tremorstone explodes into fragments!
The burst of rock shards engulfs the yak!
The burst of rock shards engulfs the yak!!
You hear a roar!
You hear a bellow!
You hear a croak.
You hear a howl! x3
You hear a bellow!
You hear a howl!
You hear a bellow!
You hear a roar!
You hear an angry growl.
The polar bear bites you!
* * * LOW HITPOINT WARNING * * *
The polar bear closely misses you.
The polar bear claws you but does no damage.
The wall burns the yak!
The walls burn the yak!
The yak gores you!
* * * LOW HITPOINT WARNING * * *
The wall burns the yak!
The yak gores you.
* * * LOW HITPOINT WARNING * * *
The wall burns the cane toad!
The cane toad stings you!
* * * LOW HITPOINT WARNING * * *
😱 HP[-31] MP[+1]
You take 31 damage, and now have 30/166 hp.
Unknown command.
Unknown command.
Okay, then.
You feel better. The polar bear bites you!
* * * LOW HITPOINT WARNING * * *
The polar bear completely misses you. The polar bear barely misses you.
The walls burn the yak!
The yak gores you!
* * * LOW HITPOINT WARNING * * *
The wall burns the cane toad!
The cane toad closely misses you.
The wall burns the yak!
The yak closely misses you.
The wall burns the yak! 😱 HP[-11]
You take 11 damage, and now have 19/166 hp.
Unknown command.
You feel better. The polar bear bites you.
* * * LOW HITPOINT WARNING * * *
The polar bear claws you but does no damage. x2
The wall burns the cane toad!
The cane toad stings you!
* * * LOW HITPOINT WARNING * * *
The walls burn the yak!
The yak gores you.
* * * LOW HITPOINT WARNING * * *
The wall burns the yak!
The yak barely misses you. 😱 HP[-9] MP[+1]
You take 9 damage, and now have 10/166 hp.
Unknown command.
Unknown command.
Okay, then.
You feel better. The polar bear barely misses you.
The polar bear claws you but does no damage.
The polar bear barely misses you.
The wall burns the cane toad!
The cane toad stings you!
You die...

Skill      XL: |  1  2  3  4  5  6  7  8  9 10 11 12 |
---------------+-------------------------------------+-----
Fighting       | 5 6 7 9 10 12 14 17 20 22 23 | 23.0
Maces & Flails | 2 6 9 |  9.3
Dodging        | |  1.7
Stealth        | |  3.7

Action                   |  1- 3 |  4- 6 |  7- 9 | 10-12 || total
-------------------------+-------+-------+-------+-------++-------
Melee: Mace              |    71 |   217 |   375 |   169 ||   832
       Unarmed           |       |     1 |       |       ||     1
       Headbutt          |       |       |    15 |    56 ||    71
       Giant spiked club |       |       |       |   162 ||   162
Throw: Stone             |       |       |     1 |       ||     1
Invok: Oozemancy         |       |       |     4 |     4 ||     8
       Slimify           |       |       |     1 |     3 ||     4
Evoke: Wand              |     7 |    14 |       |     7 ||    28
       Tin of tremorston |       |       |       |     1 ||     1
  Use: Potion            |     4 |     6 |     1 |     8 ||    19
       Scroll            |     2 |     2 |     3 |     5 ||    12
 Stab: Sleeping          |     4 |     6 |     4 |     2 ||    16
       Distracted        |       |       |       |     1 ||     1
Armor: Robe              |    47 |    76 |    67 |   164 ||   354
       Skin              |       |       |       |    10 ||    10
Dodge: Dodged            |    66 |   147 |   260 |   292 ||   765

Levels and vault maps discovered:
D:1:      minmay_arrival_diagonal_passages, layout_rooms
D:2:      layout_loops_ring, serial_shops, shop_statue,
          nicolae_ecumenical_lake_church, grunt_decor_arrowhead, uniq_jessica
D:3:      layout_basic, ebering_ghost_sewer_d, minivault_19,
          lightli_corner_chamber, uniq_ijyb
D:4:      layout_basic, okawaru_altar_gauntlet_db,
          lemuel_coloured_pillars_altar, lemuel_crystal_altar,
          nicolae_wu_jian_wuxing_cycle, uniq_blork_the_orc
D:5:      layout_loops_ring, trog_butcher_becter, zin_academy
D:6:      layout_rooms, grunt_temple_overflow_forces_of_nature,
          mainiacjoe_overflow_paths, mainiacjoe_overflow_catwalk,
          minmay_temple_entry_ruins, serial_shops, nicolae_shop_trees,
          chequers_serial_rivers_room_a, uniq_sigmund
D:7:      layout_layer_cave, grunt_dithmenos_smoke_and_mirrors
D:8:      layout_basic, mainiacjoe_overflow_alcove_4,
          nicolae_ossuary_entry_monument, uniq_pikel, uniq_maggie
D:9:      layout_roguey, beargit_hepliaklqana_dungeon_heroes,
          erik_lair_orcish_takeover, minmay_orc_entry_temple_small
D:10:     layout_basic
D:11:     layout_basic, uniq_psyche, uniq_josephine
Lair:1:   layout_roguey, grunt_forest_large_clearings, grunt_megastairs_3
Lair:2:   layout_layer_cave, dummy_spider_entry
Lair:3:   layout_chaotic_city, chequers_serial_rivers_micro_e
Lair:4:   layout_cave_pods, nicolae_swamp_entry_splash_gauntlet,
          gauntlet_entry_generic, hangedman_lair_generics_rect
Lair:5:   layout_layer_cave, pond
Lair:6:   hellmonk_lair_end_abyssal_woods, layout_gridlike,
          dpeg_slime_entry_enclosed_altar, basic_altar

Notes
Turn   | Place    | Note
-------+----------+-------------------------------------------
     0 | D:5      | spaghetti the Ogre Delver began the quest for the Orb.
     0 | D:5      | Reached XP level 1. HP: 24/24 MP: 1/1
     0 | D:5      | magus.rc [v1.9.6]
     5 | D:4      | Noticed Blork the orc
    38 | D:3      | Found a runed translucent door.
    47 | D:3      | Noticed bande's ghost (amateur GrFi)
   172 | D:2      | Reached XP level 2. HP: 31/33 MP: 2/2
   187 | D:2      | Found Koudis's Book Boutique.
   393 | D:1      | Reached skill level 5 in Fighting
   500 | D:2      | Reached XP level 3. HP: 32/42 MP: 3/3
   507 | D:2      | Gained mutation: You are occasionally teleported next to
                  | monsters. [potion of mutation]
   507 | D:2      | Gained mutation: You are clumsy. (Dex -2) [potion of
                  | mutation]
   631 | D:1      | Reached skill level 6 in Fighting
  1096 | D:1      | Reached XP level 4. HP: 53/53 MP: 4/4
  2208 | D:2      | Found a faded altar of an unknown god.
  2442 | D:2      | Prayed at the altar of an unknown god.
  2442 | D:2      | Became a worshipper of Jiyva Jegoom the Shapeless
  2442 | D:2      | Reached * piety under Jiyva
  2459 | D:2      | Noticed Jessica
  2475 | D:2      | Killed Jessica
  2476 | D:2      | Reached skill level 7 in Fighting
  2476 | D:2      | Reached XP level 5. HP: 41/62 MP: 5/5
  2975 | D:3      | Noticed Ijyb
  2978 | D:3      | Paralysed by Ijyb for 7 turns
  2994 | D:3      | Paralysed by Ijyb for 5 turns
  3009 | D:3      | HP: 15/62 [Ijyb (2)]
  3015 | D:3      | Killed Ijyb
  3512 | D:3      | Killed Blork the orc
  3513 | D:3      | Reached skill level 8 in Fighting
  3704 | D:5      | Reached ** piety under Jiyva
  3708 | D:5      | HP: 11/66 [scorpion (8)]
  3712 | D:5      | Reached skill level 9 in Fighting
  3712 | D:5      | Reached XP level 6. HP: 11/75 MP: 6/6
  3774 | D:5      | Noticed a water moccasin
  3884 | D:6      | Noticed a necrophage
  3908 | D:7      | magus.rc [v1.9.6]
  3920 | D:6      | Noticed a water moccasin
  3937 | D:5      | Killed a necrophage
  3977 | D:5      | Noticed an acid dragon
  4073 | D:6      | Lost mutation: You are clumsy. (Dex -2) [potion of
                  | mutation]
  4073 | D:6      | Gained mutation: You sometimes lose the ability to read
                  | scrolls when taking damage. [potion of mutation]
  4078 | D:6      | Lost mutation: You sometimes lose the ability to read
                  | scrolls when taking damage. [potion of mutation]
  4078 | D:6      | Lost mutation: You are occasionally teleported next to
                  | monsters. [potion of mutation]
  4078 | D:6      | Gained mutation: Armour fits poorly on your strangely
                  | shaped body. [potion of mutation]
  4078 | D:6      | Gained mutation: You have a somewhat thin skeletal
                  | structure. (Dex +2, Stealth+) [potion of mutation]
  4153 | D:6      | Found a staircase to the Ecumenical Temple.
  4157 | D:6      | Noticed a water moccasin
  4354 | D:4      | Reached skill level 10 in Fighting
  4530 | D:4      | Reached XP level 7. HP: 82/85 MP: 7/7
  4552 | D:4      | Found an ornate altar of the Wu Jian Council.
  4616 | D:4      | Found an iron altar of Okawaru.
  4653 | D:4      | Reached *** piety under Jiyva
  4834 | D:4      | Found a sacrificial altar of Ru.
  4893 | D:4      | Found a white marble altar of Elyvilon.
  5094 | D:5      | Reached skill level 11 in Fighting
  5217 | D:5      | Reached skill level 12 in Fighting
  5217 | D:5      | Reached XP level 8. HP: 28/98 MP: 6/8
  5217 | D:5      | HP: 21/98 [acid dragon (6)]
  5222 | D:5      | HP: 20/98 [poisoned by a water moccasin]
  5227 | D:5      | HP: 15/98 [acid dragon/splash of acid (10)]
  5415 | D:5      | Found a bloodstained altar of Trog.
  5473 | D:5      | Found a glowing silver altar of Zin.
  5634 | D:5      | Identified the +1 robe of Slovenliness {rPois rF+}
  5805 | D:5      | Gained mutation: Your flesh is cold resistant. (rC+)
                  | [Jiyva's grace]
  5805 | D:5      | Gained mutation: Your flesh is very cold resistant. (rC++)
                  | [Jiyva's grace]
  5805 | D:5      | Gained mutation: Your flesh is almost immune to the effects
                  | of cold. (rC+++) [Jiyva's grace]
  5805 | D:5      | Gained mutation: Your natural rate of healing is unusually
                  | fast. [Jiyva's grace]
  5836 | D:6      | Found a broken altar of Ashenzari.
  5906 | D:6      | Found Qukh's Magic Scroll Boutique.
  6027 | D:6      | Noticed Sigmund
  6137 | D:6      | Killed Sigmund
  6138 | D:6      | Reached skill level 13 in Fighting
  6197 | D:6      | Found a shimmering altar of Xom.
  6366 | D:6      | Found a blossoming altar of Fedhas.
  6380 | D:6      | Found a stormy altar of Qazlal.
  6582 | D:7      | Found a shadowy altar of Dithmenos.
  6742 | D:7      | Reached **** piety under Jiyva
  6901 | D:8      | Noticed Pikel
  6919 | D:8      | Killed Pikel
  6920 | D:8      | Reached skill level 14 in Fighting
  6920 | D:8      | Reached XP level 9. HP: 91/114 MP: 9/9
  6967 | D:8      | You pick up a book of Blood and begin reading...
  6967 | D:8      | You add the spells Sublimation of Blood, Wereblood and
                  | Summon Hydra to your library.
  7287 | D:9      | Noticed a troll
  7295 | D:9      | Slimified a troll
  7295 | D:9      | a troll changed into a jelly
  7366 | D:10     | Entered Level 10 of the Dungeon
  7592 | D:7      | Reached skill level 15 in Fighting
  8005 | D:7      | Lost mutation: Your flesh is almost immune to the effects
                  | of cold. (rC+++) [Jiyva's grace]
  8005 | D:7      | Lost mutation: Your flesh is very cold resistant. (rC++)
                  | [Jiyva's grace]
  8005 | D:7      | Gained mutation: You are covered in slimy tendrils that may
                  | disarm your opponents. [Jiyva's grace]
  8005 | D:7      | Gained mutation: You have a pair of small horns on your
                  | head. [Jiyva's grace]
  8005 | D:7      | Gained mutation: You have a pair of horns on your head.
                  | [Jiyva's grace]
  8005 | D:7      | Gained mutation: You have a pair of large horns on your
                  | head. [Jiyva's grace]
  8791 | D:8      | Noticed Maggie
  8846 | D:8      | Killed Maggie
  8847 | D:8      | Reached skill level 16 in Fighting
  9210 | D:8      | Found a burning altar of Makhleb.
  9412 | D:9      | Found a staircase to the Lair.
  9590 | D:10     | You pick up a book of Party Tricks and begin reading...
  9590 | D:10     | You add the spells Apportation and Alistair's Intoxication
                  | to your library.
  9778 | D:10     | Reached skill level 17 in Fighting
 10176 | D:10     | Reached XP level 10. HP: 119/132 MP: 10/10
 10186 | D:10     | HP: 29/132 [warg (7)]
 10239 | D:10     | Reached skill level 18 in Fighting
 10269 | D:9      | You pick up a book of Vapours and begin reading...
 10269 | D:9      | You add the spells Poisonous Vapours and Corpse Rot to your
                  | library.
 10589 | D:9      | You pick up a book of Pain and begin reading...
 10589 | D:9      | You add the spells Pain, Agony and Excruciating Wounds to
                  | your library.
 10604 | D:9      | Noticed a two-headed ogre
 10610 | D:9      | Killed a two-headed ogre
 10825 | D:9      | Found a staircase to the Orcish Mines.
 10855 | D:9      | Found a hazy altar of Hepliaklqana.
 10855 | D:9      | Noticed a gargoyle
 10857 | D:9      | Found a faded altar of an unknown god.
 10886 | D:9      | Killed a gargoyle
 10887 | D:9      | Reached skill level 19 in Fighting
 11340 | D:10     | Noticed a two-headed ogre
 11346 | D:10     | HP: 23/139 [two-headed ogre (19)]
 11351 | D:10     | HP: 30/208 [two-headed ogre (3)]
 11352 | D:10     | Killed a two-headed ogre
 11353 | D:10     | Reached skill level 20 in Fighting
 11414 | D:10     | Paralysed by a hornet for 3 turns
 11702 | Lair:1   | Entered Level 1 of the Lair of Beasts
 11716 | Lair:1   | Noticed a six-headed hydra
 11743 | Lair:1   | Reached skill level 2 in Maces & Flails
 11743 | Lair:1   | Reached XP level 11. HP: 80/149 MP: 11/11
 11750 | Lair:1   | HP: 44/223 [komodo dragon (26)]
 12239 | Lair:2   | Lost mutation: Armour fits poorly on your strangely shaped
                  | body. [Jiyva's grace]
 12239 | Lair:2   | Lost mutation: You are covered in slimy tendrils that may
                  | disarm your opponents. [Jiyva's grace]
 12239 | Lair:2   | Gained mutation: You possess an exceptional clarity of
                  | mind. [Jiyva's grace]
 12239 | Lair:2   | Gained mutation: You are partially covered in iridescent
                  | scales. (AC +2) [Jiyva's grace]
 12239 | Lair:2   | Gained mutation: You are mostly covered in iridescent
                  | scales. (AC +4) [Jiyva's grace]
 12239 | Lair:2   | Gained mutation: You are completely covered in iridescent
                  | scales. (AC +6) [Jiyva's grace]
 12417 | Lair:2   | Reached skill level 3 in Maces & Flails
 12606 | Lair:2   | Found a hole to the Spider Nest.
 12634 | Lair:2   | Reached skill level 21 in Fighting
 12647 | Lair:2   | Reached skill level 4 in Maces & Flails
 12941 | Lair:2   | Reached ***** piety under Jiyva
 12973 | Lair:2   | Reached skill level 5 in Maces & Flails
 13008 | Lair:2   | You add the spells Summon Small Mammal, Spellforged
                  | Servitor and Monstrous Menagerie to your library.
 13008 | Lair:2   | Got the Guide on the Escort
 13516 | Lair:1   | Reached skill level 6 in Maces & Flails
 13707 | Lair:1   | Noticed a five-headed hydra
 13714 | Lair:1   | Reached skill level 22 in Fighting
 13714 | Lair:1   | HP: 38/153 [five-headed hydra (8)]
 13715 | Lair:1   | Slimified a five-headed hydra
 13715 | Lair:1   | Noticed an acid blob
 13715 | Lair:1   | a five-headed hydra changed into an acid blob
 13716 | Lair:1   | Reached XP level 12. HP: 23/162 MP: 5/12
 13779 | Lair:1   | Reached skill level 7 in Maces & Flails
 13950 | Lair:1   | HP: 39/163 [six-headed hydra (5)]
 13951 | Lair:1   | Slimified a six-headed hydra
 13951 | Lair:1   | a six-headed hydra changed into a slime creature
 14293 | Lair:3   | Noticed a seven-headed hydra
 14418 | Lair:3   | Killed a seven-headed hydra
 14854 | Lair:4   | Lost mutation: You are completely covered in iridescent
                  | scales. (AC +6) [Jiyva's grace]
 14854 | Lair:4   | Lost mutation: You are mostly covered in iridescent scales.
                  | (AC +4) [Jiyva's grace]
 14854 | Lair:4   | Lost mutation: You have a somewhat thin skeletal structure.
                  | (Dex +2, Stealth+) [Jiyva's grace]
 14854 | Lair:4   | Gained mutation: Your translucent skin slightly reduces
                  | your foes' accuracy. (Stealth+) [Jiyva's grace]
 14854 | Lair:4   | Gained mutation: Your translucent skin reduces your foes'
                  | accuracy. (Stealth+) [Jiyva's grace]
 14854 | Lair:4   | Gained mutation: Your transparent skin significantly
                  | reduces your foes' accuracy. (Stealth+) [Jiyva's grace]
 14854 | Lair:4   | Gained mutation: Your melee attacks may engulf your foes in
                  | ooze. [Jiyva's grace]
 14897 | Lair:5   | Noticed a death yak
 14897 | Lair:5   | Noticed a death yak
 14897 | Lair:5   | Noticed a death yak
 14899 | Lair:5   | Noticed a death yak
 14927 | Lair:4   | Reached skill level 8 in Maces & Flails
 14999 | Lair:4   | Found a gate leading to a gauntlet.
 15288 | Lair:4   | Noticed a death yak
 15313 | Lair:4   | Killed a death yak
 15314 | Lair:4   | Reached skill level 23 in Fighting
 15362 | Lair:4   | Reached skill level 9 in Maces & Flails
 15464 | Lair:4   | You fall into a shaft and drop 2 floors!
 15464 | Lair:6   | Entered Level 6 of the Lair of Beasts
 15519 | Lair:6   | HP: 37/166 [yak (5)]
 15521 | Lair:6   | HP: 13/166 [cane toad (16)]
 15522 | Lair:6   | Slain by a cane toad

Vanquished Creatures
  A hydra (Lair:3)
  A two-headed ogre (D:10)
  A death yak (Lair:4)
  Pikel (D:8)
  6 elephants
  2 black mambas
  A centaur zombie (D:10)
  A torpor snail (Lair:3)
  A gargoyle (D:9)
  4 cane toads
  8 komodo dragons
  4 rime drakes
  Maggie (D:8)
  A dream sheep (Lair:4)
  8 blink frogs
  Sigmund (D:6)
  2 basilisks
  23 yaks
  A steam dragon (D:8)
  An acid dragon (D:9)
  3 wargs
  8 water moccasins
  A hornet zombie (D:5)
  A necrophage (D:5)
  21 wolves
  2 centaurs
  A phantom (D:5)
  A kobold brigand (D:6)
  Blork the orc (D:3)
  A bullfrog (D:8)
  A gnoll sergeant (D:7)
  2 scorpions (D:5)
  4 killer bees (D:9)
  A bullfrog zombie (D:6)
  5 orc priests
  2 gnoll shamans
  Ijyb (D:3)
  Jessica (D:2)
  7 orc wizards
  3 iguanas
  10 gnolls
  4 adders
  2 shadow imps (D:7)
  3 ufetubi
  A worm (D:2)
  2 dart slugs
  14 orcs
  8 endoplasms
  7 giant cockroaches
  7 goblins
  4 hobgoblins
  9 jackals
  7 kobolds
  3 quokkas
  10 ball pythons
  7 bats
  3 frilled lizards
  11 rats
248 creatures vanquished.

Vanquished Creatures (others)
  A two-headed ogre (D:9)
  2 yaks (Lair:1)
  A wraith (D:7)
  An acid dragon (D:10)
  3 water moccasins
  2 black bears
  2 centaurs
  10 wolves
  A kobold brigand (D:9)
  A bullfrog (D:9)
  53 jellies
  A centaur skeleton (D:7)
  A centaur zombie (D:9)
  A hound (D:6)
  An orc priest (D:5)
  An orc wizard (D:8)
  7 gnolls
  2 adders
  An endoplasm (D:4)
  10 orcs
  4 ball pythons (D:4)
  A goblin (D:3)
  3 jackals (D:5)
  2 kobolds
  2 quokkas
  A bat (D:3)
  61 fungi
  58 plants
234 creatures vanquished.

Grand Total: 482 creatures vanquished

Table legend:
 A = Non-vault XP
 B = Vault XP
 C = Vault XP percentage of total XP
 D = Non-vault monster count
 E = Vault monster count
 F = Vault count percentage of total count
                 A         B        C        D         E       F
            +---------+---------+-------+---------+---------+-------
      Total |   21244 |    7845 |  27.0 |     196 |      56 |  22.2
            +---------+---------+-------+---------+---------+-------
        D:1 |      46 |       0 |   0.0 |      28 |       0 |   0.0
        D:2 |      79 |      37 |  31.9 |      22 |       1 |   4.3
        D:3 |      44 |     129 |  74.6 |      17 |       2 |  10.5
        D:4 |     128 |      44 |  25.6 |      10 |       4 |  28.6
        D:5 |     743 |       7 |   0.9 |      11 |       4 |  26.7
        D:6 |     195 |     212 |  52.1 |       9 |       1 |  10.0
        D:7 |     567 |       0 |   0.0 |      16 |       0 |   0.0
        D:8 |     349 |    1151 |  76.7 |       6 |       4 |  40.0
        D:9 |    2168 |     536 |  19.8 |      16 |       8 |  33.3
       D:10 |    2351 |     406 |  14.7 |       8 |       4 |  33.3
     Lair:1 |    3094 |    3275 |  51.4 |      14 |      23 |  62.2
     Lair:2 |    4583 |       0 |   0.0 |      19 |       0 |   0.0
     Lair:3 |    2541 |       0 |   0.0 |       8 |       0 |   0.0
     Lair:4 |    2878 |    2048 |  41.6 |       7 |       5 |  41.7
     Lair:5 |     499 |       0 |   0.0 |       1 |       0 |   0.0
     Lair:6 |     979 |       0 |   0.0 |       4 |       0 |   0.0
            +---------+---------+-------+---------+---------+-------

Illustrated notes

Table legend:
 A = Kills in this place as a percentage of kills in entire the game.
 B = Kills by you in this place as a percentage of kills by you in the entire game.
 C = Kills by friends in this place as a percentage of kills by friends in the entire game.
 D = Other kills in this place as a percentage of other kills in the entire game.
 E = Experience gained in this place as a percentage of experience gained in the entire game.
 F = Experience gained in this place divided by the number of levels of this place that you have seen.
                   A       B       C       D       E      F
               +-------+-------+-------+-------+-------+----------------------
         Total | 100.0 | 100.0 |   N/A | 100.0 | 100.0 | 1711.1
       Dungeon |  67.9 |  68.5 |   N/A |  25.0 |  31.6 | 835.6
          Lair |  32.1 |  31.5 |   N/A |  75.0 |  68.4 | 3316.2
               +-------+-------+-------+-------+-------+----------------------

Table legend: (Time is in decaauts)
 A = Elapsed time spent in this place.
 B = Non-inter-level travel time spent in this place.
 C = Inter-level travel time spent in this place.
 D = Time resting spent in this place.
 E = Time spent auto-exploring this place.
 F = Levels seen in this place.
 G = Mean time per level.
                   A        B        C        D        E       F      G
               +--------+--------+--------+--------+--------+-----+--------+
         Total |  15922 |  14555 |   1367 |   3295 |   8005 |  17 |  936.6 |
       Dungeon |  12015 |  10787 |   1228 |   2370 |   5865 |  11 | 1092.3 |
          Lair |   3906 |   3768 |    138 |    924 |   2140 |   6 |  651.0 |
               +--------+--------+--------+--------+--------+-----+--------+

Top non-repeatable levels by time:
  Lair:2: 1535 daAuts
     D:3: 1479 daAuts
     D:7: 1420 daAuts
     D:2: 1361 daAuts
     D:8: 1350 daAuts
     D:9: 1314 daAuts
     D:1: 1170 daAuts
    D:10: 1090 daAuts
     D:6: 1010 daAuts
     D:5: 989 daAuts
  Lair:3: 944 daAuts
     D:4: 826 daAuts
  Lair:1: 739 daAuts
  Lair:4: 622 daAuts
  Lair:6: 61 daAuts
